| TOP OF THE 1ST |
|
Tennessee Smokies batting - Pitching for Springfield Cardinals : RHP Josh Ambrose
|
|
Pitching: RHP Josh Ambrose
|
|
|
Batting: LHB Brent Dutcher
|
0-0: Ball 1-0: Ground out 4-3 (Groundball, 4MD, EV 76.3 MPH)
|
|
Batting: RHB Adam Kelliher
|
0-0: Ball 1-0: Ball 2-0: Ball 3-0: Called Strike 3-1: Foul Ball, location: 2F 3-2: Strikes out swinging
|
|
Batting: LHB Brian Newton
|
0-0: Fly out, F7 (Flyball, 7LM, EV 97.5 MPH)
|
| Top of the 1st over - 0 runs, 0 hits, 0 errors, 0 left on base; Tennessee 0 - Springfield 0 |
| BOTTOM OF THE 1ST |
|
Springfield Cardinals batting - Pitching for Tennessee Smokies : RHP Rashid bin Ala'
|
|
Pitching: RHP Rashid bin Ala'
|
|
|
Batting: RHB John Parra
|
0-0: Called Strike 0-1: Ball 1-1: Ball 2-1: Called Strike 2-2: Ball 3-2: Base on Balls
|
|
Batting: RHB Dave Cluster
|
0-0: Ball 1-0: Foul Ball, location: 2F 1-1: Ball John Parra is caught stealing 2nd base 2-4 2-1: Fly out, F8 (Line Drive, 8RD, EV 89.4 MPH)
|
|
Batting: RHB Melvin Enriquez
|
0-0: Called Strike 0-1: Ball 1-1: Foul Ball, location: 2F 1-2: SOLO HOME RUN (Flyball, 78XD, EV 106.9 MPH), Distance : 389 ft
|
|
Batting: RHB David Fernandez
|
0-0: Ball 1-0: Ball 2-0: Fly out, F8 (Flyball, 8RS, EV 92.5 MPH)
|
| Bottom of the 1st over - 1 run, 1 hit, 0 errors, 0 left on base; Tennessee 0 - Springfield 1 |
| TOP OF THE 2ND |
|
Tennessee Smokies batting - Pitching for Springfield Cardinals : RHP Josh Ambrose
|
|
Batting: RHB Bobby Gray
|
0-0: Ball 1-0: Swinging Strike 1-1: Ball 2-1: Called Strike 2-2: Strikes out swinging
|
|
Batting: RHB Heitaro Tanaka
|
0-0: Ball 1-0: Foul Ball, location: 2F 1-1: Ball 2-1: Foul Ball, location: 2F 2-2: Foul Ball, location: 2F 2-2: Foul Ball, location: 2F 2-2: Ball 3-2: Base on Balls
|
|
Batting: SHB Rich Ranaldi
|
0-0: Ball 1-0: Called Strike 1-1: Ball 2-1: Ball 3-1: Swinging Strike 3-2: Strikes out looking
|
|
Batting: RHB Heef Harted
|
0-0: Called Strike 0-1: Fly out, F8 (Flyball, 8RXD, EV 101.9 MPH)
|
| Top of the 2nd over - 0 runs, 0 hits, 0 errors, 1 left on base; Tennessee 0 - Springfield 1 |
| BOTTOM OF THE 2ND |
|
Springfield Cardinals batting - Pitching for Tennessee Smokies : RHP Rashid bin Ala'
|
|
Batting: RHB Josh Lyon
|
0-0: Swinging Strike 0-1: Ball 1-1: Ball 2-1: Ball 3-1: Ground out 6-3 (Groundball, 6, EV 100.0 MPH)
|
|
Batting: RHB Travis Leonard
|
0-0: Ball 1-0: Ball 2-0: Ball 3-0: Called Strike 3-1: Swinging Strike 3-2: Base on Balls
|
|
Batting: LHB Chris Raymond
|
0-0: Ball Travis Leonard is caught stealing 2nd base 2-6 1-0: Ball 2-0: Swinging Strike 2-1: SINGLE (Groundball, 34D, EV 99.4 MPH)
|
|
Batting: LHB Yeong-hun Joe
|
0-0: Ball 1-0: Ball Chris Raymond steals 2nd base 2-0: Ground out 4-3 (Groundball, 13, EV 85.0 MPH)
|
| Bottom of the 2nd over - 0 runs, 1 hit, 0 errors, 1 left on base; Tennessee 0 - Springfield 1 |
| TOP OF THE 3RD |
|
Tennessee Smokies batting - Pitching for Springfield Cardinals : RHP Josh Ambrose
|
|
Batting: RHB Chris Rosinsky
|
0-0: Called Strike 0-1: Ball 1-1: Swinging Strike 1-2: Strikes out swinging
|
|
Batting: RHB Sean Espejo
|
0-0: Ball 1-0: Called Strike 1-1: Ground out 6-3 (Groundball, 6, EV 86.3 MPH)
|
|
Batting: LHB Brent Dutcher
|
0-0: Called Strike 0-1: Ball 1-1: Swinging Strike 1-2: Strikes out swinging
|
| Top of the 3rd over - 0 runs, 0 hits, 0 errors, 0 left on base; Tennessee 0 - Springfield 1 |
| BOTTOM OF THE 3RD |
|
Springfield Cardinals batting - Pitching for Tennessee Smokies : RHP Rashid bin Ala'
|
|
Batting: RHB Danny Gallo
|
0-0: Ball 1-0: Called Strike 1-1: Foul Ball, location: 2F 1-2: Ground out 5-3 (Groundball, 5L, EV 87.5 MPH)
|
|
Batting: RHB John Parra
|
0-0: Ball 1-0: Called Strike 1-1: Ball 2-1: Foul Ball, location: 2F 2-2: Ball 3-2: Fly out, F7 (Flyball, 7S, EV 84.4 MPH)
|
|
Batting: RHB Dave Cluster
|
0-0: Swinging Strike 0-1: Foul Ball, location: 2F 0-2: Strikes out swinging
|
| Bottom of the 3rd over - 0 runs, 0 hits, 0 errors, 0 left on base; Tennessee 0 - Springfield 1 |
| TOP OF THE 4TH |
|
Tennessee Smokies batting - Pitching for Springfield Cardinals : RHP Josh Ambrose
|
|
Batting: RHB Adam Kelliher
|
0-0: Swinging Strike 0-1: Ball 1-1: Ball 2-1: Foul Ball, location: 2F 2-2: Ball 3-2: Foul Ball, location: 2F 3-2: Strikes out looking
|
|
Batting: LHB Brian Newton
|
0-0: Ball 1-0: Ball 2-0: Swinging Strike 2-1: Swinging Strike 2-2: Strikes out looking
|
|
Batting: RHB Bobby Gray
|
0-0: Foul Ball, location: 2F 0-1: Swinging Strike 0-2: Strikes out swinging
|
| Top of the 4th over - 0 runs, 0 hits, 0 errors, 0 left on base; Tennessee 0 - Springfield 1 |
| BOTTOM OF THE 4TH |
|
Springfield Cardinals batting - Pitching for Tennessee Smokies : RHP Rashid bin Ala'
|
|
Batting: RHB Melvin Enriquez
|
0-0: Swinging Strike 0-1: SINGLE (Line Drive, 56D, EV 101.9 MPH)
|
|
Batting: RHB David Fernandez
|
0-0: Ball 1-0: Grounds into double play, 6-4-3 (Groundball, 6S, EV 90.0 MPH)
|
|
Batting: RHB Josh Lyon
|
0-0: Ball 1-0: Called Strike 1-1: Foul Ball, location: 2F 1-2: Ball 2-2: Foul Ball, location: 2F 2-2: Foul Ball, location: 2F 2-2: Fly out, F9 (Flyball, 89M, EV 82.5 MPH)
|
| Bottom of the 4th over - 0 runs, 1 hit, 0 errors, 0 left on base; Tennessee 0 - Springfield 1 |
| TOP OF THE 5TH |
|
Tennessee Smokies batting - Pitching for Springfield Cardinals : RHP Josh Ambrose
|
|
Batting: RHB Heitaro Tanaka
|
0-0: Fly out, F7 (Flyball, 78D, EV 96.3 MPH)
|
|
Batting: SHB Rich Ranaldi
|
0-0: Ball 1-0: Foul Ball, location: 2F 1-1: Called Strike 1-2: Ball 2-2: SINGLE (Groundball, 34D, EV 102.5 MPH)
|
|
Batting: RHB Heef Harted
|
0-0: Called Strike 0-1: Swinging Strike 0-2: Ball 1-2: Ball 2-2: Ball 3-2: Base on Balls Rich Ranaldi to second
|
|
Batting: RHB Chris Rosinsky
|
0-0: Called Strike 0-1: SINGLE (Groundball, 6D, EV 110.0 MPH) Rich Ranaldi to third Heef Harted to second
|
|
Batting: RHB Sean Espejo
|
0-0: Swinging Strike 0-1: Swinging Strike 0-2: Fly out, F8 (Flyball, 8RXD, EV 99.4 MPH) Runner from 3rd tags up, SCORES, no throw by CF
|
|
Batting: LHB Brent Dutcher
|
0-0: Ball 1-0: Ball 2-0: Ball 3-0: Called Strike 3-1: Called Strike 3-2: Ground out U3 (Groundball, 34, EV 85.0 MPH)
|
| Top of the 5th over - 1 run, 2 hits, 0 errors, 2 left on base; Tennessee 1 - Springfield 1 |
| BOTTOM OF THE 5TH |
|
Springfield Cardinals batting - Pitching for Tennessee Smokies : RHP Rashid bin Ala'
|
|
Batting: RHB Travis Leonard
|
0-0: Called Strike 0-1: Ball 1-1: Fly out, F9 (Flyball, 9LM, EV 88.8 MPH)
|
|
Batting: LHB Chris Raymond
|
0-0: Ball 1-0: Foul Ball, location: 2F 1-1: Fly out, F8 (Flyball, 8RS, EV 82.5 MPH)
|
|
Batting: LHB Yeong-hun Joe
|
0-0: Foul Ball, location: 2F 0-1: Foul Ball, location: 2F 0-2: Ball 1-2: Ball 2-2: Ball 3-2: Base on Balls
|
|
Batting: RHB Danny Gallo
|
0-0: Called Strike 0-1: SINGLE (Groundball, 56D, EV 96.3 MPH) Yeong-hun Joe to second
|
|
Batting: RHB John Parra
|
0-0: Ball 1-0: Ball 2-0: Called Strike 2-1: Ball 3-1: Swinging Strike 3-2: Base on Balls Yeong-hun Joe to third Danny Gallo to second
|
|
Batting: RHB Dave Cluster
|
0-0: Called Strike 0-1: Fly out, F4 (Line Drive, 4, EV 67.5 MPH)
|
| Bottom of the 5th over - 0 runs, 1 hit, 0 errors, 3 left on base; Tennessee 1 - Springfield 1 |
| TOP OF THE 6TH |
|
Tennessee Smokies batting - Pitching for Springfield Cardinals : RHP Josh Ambrose
|
|
Batting: RHB Adam Kelliher
|
0-0: Foul Ball, location: 2F 0-1: Ball 1-1: Ball 2-1: Swinging Strike 2-2: Strikes out looking
|
|
Batting: LHB Brian Newton
|
0-0: Foul Ball, location: 2F 0-1: Foul Ball, location: 2F 0-2: Strikes out looking
|
|
Batting: RHB Bobby Gray
|
0-0: Ball 1-0: Swinging Strike 1-1: DOUBLE (Line Drive, 5D, EV 97.5 MPH)
|
|
Pitching: RHP Jason Inman
|
|
|
Batting: RHB Heitaro Tanaka
|
0-0: Ball 1-0: Called Strike 1-1: Foul Ball, location: 2F 1-2: Foul Ball, location: 2F 1-2: Ground out 1-3 (Groundball, 13S, EV 65.0 MPH)
|
| Top of the 6th over - 0 runs, 1 hit, 0 errors, 1 left on base; Tennessee 1 - Springfield 1 |
| BOTTOM OF THE 6TH |
|
Springfield Cardinals batting - Pitching for Tennessee Smokies : RHP Rashid bin Ala'
|
|
Batting: RHB Melvin Enriquez
|
0-0: Ball 1-0: SOLO HOME RUN (Flyball, 7D, EV 104.4 MPH), Distance : 386 ft
|
|
Batting: RHB David Fernandez
|
0-0: Foul Ball, location: 2F 0-1: Foul Ball, location: 2F 0-2: Ground out 6-3 (Groundball, 6, EV 96.9 MPH)
|
|
Batting: RHB Josh Lyon
|
0-0: Called Strike 0-1: Ball 1-1: Swinging Strike 1-2: SINGLE (Line Drive, 6M, EV 95.0 MPH)
|
|
Batting: RHB Travis Leonard
|
0-0: Ball 1-0: Foul Ball, location: 2F 1-1: Ball 2-1: Fly out, F9 (Flyball, 89D, EV 109.4 MPH)
|
|
Batting: LHB Chris Raymond
|
0-0: Ground out 4-3 (Groundball, 4D, EV 103.1 MPH)
|
| Bottom of the 6th over - 1 run, 2 hits, 0 errors, 1 left on base; Tennessee 1 - Springfield 2 |
| TOP OF THE 7TH |
|
Tennessee Smokies batting - Pitching for Springfield Cardinals : RHP Jason Inman
|
|
Batting: SHB Rich Ranaldi
|
0-0: Foul Ball, location: 2F 0-1: Ball 1-1: Foul Ball, location: 2F 1-2: Ball 2-2: Foul Ball, location: 2F 2-2: Fly out, F4 (Popup, 4M, EV 68.1 MPH)
|
|
Batting: RHB Heef Harted
|
0-0: Foul Ball, location: 2F 0-1: Fly out, F8 (Flyball, 8LXD, EV 106.3 MPH)
|
|
Batting: RHB Chris Rosinsky
|
0-0: Foul Ball, location: 2F 0-1: Ground out 1-3 (Groundball, 13, EV 66.3 MPH)
|
| Top of the 7th over - 0 runs, 0 hits, 0 errors, 0 left on base; Tennessee 1 - Springfield 2 |
| BOTTOM OF THE 7TH |
|
Springfield Cardinals batting - Pitching for Tennessee Smokies : RHP Rashid bin Ala'
|
|
Batting: LHB Yeong-hun Joe
|
0-0: SINGLE (Groundball, 34D, EV 94.4 MPH)
|
|
Batting: RHB Danny Gallo
|
0-0: Sac Bunt to 5S - play at first, batter OUT! 5-4 Yeong-hun Joe to second
|
|
Batting: RHB John Parra
|
0-0: Called Strike 0-1: Foul Ball, location: 2F 0-2: Ball 1-2: SINGLE (Line Drive, 56D, EV 105.0 MPH) Yeong-hun Joe to third
|
|
Pitching: LHP Nate George
|
|
|
Batting: RHB Dave Cluster
|
0-0: Ball 1-0: Called Strike 1-1: Ball 2-1: Foul Ball, location: 2F 2-2: Foul Ball, location: 2F 2-2: Strikes out swinging
|
|
Batting: RHB Melvin Enriquez
|
0-0: Ball 1-0: Ball 2-0: Fielders Choice at 2nd, 6-4 (Groundball, 6, EV 90.6 MPH)
|
| Bottom of the 7th over - 0 runs, 2 hits, 0 errors, 2 left on base; Tennessee 1 - Springfield 2 |
| TOP OF THE 8TH |
|
Tennessee Smokies batting - Pitching for Springfield Cardinals : RHP Jason Inman
|
|
DELAY
|
Rain delay of 16 minutes in the 8th inning.
|
|
Pitching: RHP Matt Hamm
|
|
|
Batting: RHB Sean Espejo
|
0-0: Swinging Strike 0-1: Swinging Strike 0-2: Strikes out looking
|
|
Batting: LHB Brent Dutcher
|
0-0: Called Strike 0-1: Called Strike 0-2: Ball 1-2: Fly out, F9 (Flyball, 9D, EV 95.0 MPH)
|
|
Batting: RHB Adam Kelliher
|
0-0: Called Strike 0-1: Ball 1-1: Ball 2-1: Called Strike 2-2: Strikes out swinging
|
| Top of the 8th over - 0 runs, 0 hits, 0 errors, 0 left on base; Tennessee 1 - Springfield 2 |
| BOTTOM OF THE 8TH |
|
Springfield Cardinals batting - Pitching for Tennessee Smokies : LHP Nate George
|
|
Batting: RHB David Fernandez
|
0-0: Swinging Strike 0-1: Ball 1-1: Ball 2-1: Ball 3-1: Foul Ball, location: 2F 3-2: Foul Ball, location: 2F 3-2: Base on Balls
|
|
Batting: RHB Josh Lyon
|
0-0: Ground out 4-3 (Groundball, 4MS, EV 71.3 MPH) David Fernandez to second
|
|
Batting: RHB Travis Leonard
|
0-0: Ball 1-0: Swinging Strike 1-1: Foul Ball, location: 2F 1-2: Ball 2-2: Strikes out swinging
|
|
Batting: LHB Chris Raymond
|
0-0: Ground out 4-3 (Groundball, 4D, EV 108.8 MPH)
|
| Bottom of the 8th over - 0 runs, 0 hits, 0 errors, 1 left on base; Tennessee 1 - Springfield 2 |
| TOP OF THE 9TH |
|
Tennessee Smokies batting - Pitching for Springfield Cardinals : RHP Matt Hamm
|
|
Pitching: LHP Nick Suggett
|
|
|
Pinch Hitting: RHB Nick Kleckner
|
0-0: Swinging Strike 0-1: Called Strike 0-2: Foul Ball, location: 2F 0-2: Ball 1-2: Ball 2-2: Ball 3-2: Strikes out looking
|
|
Batting: RHB Bobby Gray
|
0-0: Swinging Strike 0-1: Ball 1-1: Foul Ball, location: 2F 1-2: Foul Ball, location: 2F 1-2: Ground out 6-3 (Groundball, 6, EV 99.4 MPH)
|
|
Batting: RHB Heitaro Tanaka
|
0-0: Ball 1-0: Called Strike 1-1: Foul Ball, location: 2F 1-2: Strikes out looking
|
| Top of the 9th over - 0 runs, 0 hits, 0 errors, 0 left on base; Tennessee 1 - Springfield 2 |
|